 Dungeon Crawl Stone Soup version 0.22.1-1-ga44c0e5 (webtiles) character file.

104 dvd the Caller (level 4, -7/30 HPs)
             Began as a Demonspawn Summoner on Sept 27, 2018.
             Killed by divine providence
             ... invoked by an orc priest
              (12 damage)
             ... on level 3 of the Dungeon.
             The game lasted 00:10:23 (2365 turns).

dvd the Caller (Demonspawn Summoner)                Turns: 2365, Time: 00:10:25

Health: -7/30      AC:  5    Str:  8    XL:     4   Next: 52%
Magic:  0/8        EV: 12    Int: 18    God:
Gold:   137        SH:  0    Dex: 13    Spells: 3/9 levels left

rFire    . . .     SeeInvis .   l - +0 whip
rCold    . . .     Gourm    .   (no shield)
rNeg     . . .     Faith    .   a - +0 robe
rPois    .         Spirit   +   d - +0 helmet
rElec    .         Reflect  .   (no cloak)
rCorr    .         Harm     .   b - +1 pair of gloves
MR       .....                  (no boots)
Stlth    ++........             (no amulet)
HPRegen  0.10/turn              (no ring)
MPRegen  0.11/turn              (no ring)

@: drained
A: claws 1, magic shield, sturdy frame 1
a: no special abilities


You were on level 3 of the Dungeon.
You were not hungry.

You visited 1 branch of the dungeon, and saw 3 of its levels.

You collected 137 gold pieces.

Inventory:

Hand Weapons
 l - a +0 whip (weapon)
Armour
 a - a +0 robe (worn)
 b - a +1 pair of gloves (worn)
 d - a +0 helmet (worn)
Scrolls
 e - 2 scrolls of teleportation
 k - a scroll of fear {unknown}
 n - 2 scrolls of amnesia {unknown}
Potions
 f - 2 potions of lignification {unknown}
 h - 2 potions of curing {unknown}
 i - a potion of magic {unknown}
 m - 2 potions of flight {unknown}
Comestibles
 c - 5 rations
 g - a chunk of flesh


   Skills:
 + Level 2.2(2.0) Dodging
 + Level 2.3(2.1) Stealth
 + Level 3.1(2.9) Spellcasting
 + Level 4.8(4.6) Summonings


You had 3 spell levels left.
You knew the following spells:

 Your Spells              Type           Power        Failure   Level  Hunger
a - Summon Small Mammal   Summ           ###.         2%          1    None
b - Call Imp              Summ           ###.....     3%          2    ##.....
c - Call Canine Familiar  Summ           ###.....     8%          3    ###....

Your spell library contained the following spells:

 Spells                   Type           Power        Failure   Level  Hunger
 Summon Guardian Golem    Hex/Summ       ##......     19%         3    ###....
 Summon Ice Beast         Ice/Summ       ##......     54%         4    ####...
 Summon Lightning Spire   Summ/Air       ##......     54%         4    ####...


Dungeon Overview and Level Annotations

Branches:
Dungeon (3/15)

Altars:
Fedhas
Wu Jian


Innate Abilities, Weirdness & Mutations

You have sharp fingernails.
When hurt, damage is shared between your health and your magic reserves.
Your movements are slightly less encumbered by armour. (ER -2)


Message History

The orc misses you.
Unknown command.
You hit the orc priest.
The orc priest is moderately wounded.
Your hound completely misses the orc priest.
The orc hits your shadow imp but does no damage.
Your crimson imp barely misses the orc.
The orc hits you with a war axe!
* * * LOW HITPOINT WARNING * * *
The orc priest hits you but does no damage.
Your shadow imp misses the orc.
Your hound bites the orc.
The orc dies!
The orc priest looks encouraged for a moment.
Unknown command.
Your hound bites the orc priest.
The orc barely misses your shadow imp.
The orc priest hits your hound with a dagger.
Your shadow imp barely misses the orc.
The orc closely misses your crimson imp.
The orc priest mumbles some strange prayers to Beogh against you.
Beogh smites you!
You die...

#......# #..# #.# #####
#......###..####.##.
#......#............
#......#.....###.##.#
+............#
#....#.##.#### #....#..#.#
. #....##.#.#########.
#.5@.##.#.#.........
#o5h.##.#.#.........
#.....oJo.##...#.........
#.........# #..#.........
#......oo####..#(........
........o.....><รท.)......
.........############....
.......... #....
..[....... #....


You could see 2 orc priests, an ooze, 4 orcs, a friendly hound, a friendly
crimson imp and a friendly shadow imp.

Vanquished Creatures
  An adder (D:2)
  A worm (D:2)
  A giant cockroach (D:2)
  2 goblins
  A hobgoblin (D:1)
  A ball python (D:2)
  A bat (D:3)
  2 frilled lizards
  A kobold (D:2)
11 creatures vanquished.

Vanquished Creatures (collateral kills)
  7 gnolls (D:2)
  4 adders
  2 dart slugs (D:1)
  A leopard gecko (D:2)
  2 orcs (D:3)
  5 giant cockroaches
  4 goblins
  2 hobgoblins (D:1)
  6 jackals
  A quokka (D:3)
  2 bats
  5 frilled lizards
  6 kobolds
  3 rats
50 creatures vanquished.

Grand Total: 61 creatures vanquished

Notes
Turn   | Place    | Note
-------+----------+-------------------------------------------
     0 | D:1      | dvd the Demonspawn Summoner began the quest for the Orb.
     0 | D:1      | Reached XP level 1. HP: 13/13 MP: 3/3
   379 | D:1      | Gained mutation: Your movements are slightly less
                  | encumbered by armour. (ER -2) [demonic ancestry]
   379 | D:1      | Reached XP level 2. HP: 19/19 MP: 1/5
   495 | D:1      | Learned a level 2 spell: Call Imp
   929 | D:2      | Gained mutation: When hurt, damage is shared between your
                  | health and your magic reserves. [demonic ancestry]
   929 | D:2      | Reached XP level 3. HP: 21/24 MP: 1/6
  1111 | D:1      | Learned a level 3 spell: Call Canine Familiar
  1654 | D:2      | Gained mutation: You have sharp fingernails. [demonic
                  | ancestry]
  1654 | D:2      | Reached XP level 4. HP: 20/30 MP: 0/8
  1958 | D:2      | Found a faded altar of an unknown god.
  1960 | D:2      | Became a worshipper of the Wu Jian Council
  1960 | D:2      | Reached * piety under Wu Jian
  2012 | D:2      | Fell from the grace of Wu Jian
  2186 | D:2      | Found a blossoming altar of Fedhas.
  2365 | D:3      | Killed from afar by an orc priest

Skill      XL: |  1  2  3  4 |
---------------+-------------+-----
Stealth        | 2 |  2.3
Dodging        | 2 |  2.2
Spellcasting   | 3 |  3.1
Summonings     | |  4.8

Action                   |  1- 3 |  4- 6 || total
-------------------------+-------+-------++-------
Melee: Unarmed           |    23 |       ||    23
       Whip              |    19 |    29 ||    48
 Cast: Summon Small Mamm |    33 |       ||    33
       Call Imp          |    11 |     5 ||    16
       Call Canine Famil |     5 |     5 ||    10
Invok: Renounce Religion |       |     1 ||     1
  Use: Scroll            |       |     4 ||     4
 Stab: Distracted        |     1 |     1 ||     2
       Sleeping          |     2 |     2 ||     4
  Eat: Chunk             |     4 |     3 ||     7
Armor: Robe              |    25 |     9 ||    34
Dodge: Dodged            |    50 |    24 ||    74
